cohdb
Replays
Latest Replays
All Replays
Popular Replays
Top Player Replays
Match Explorer
How It Works
Community
CoH3 Stats
Reddit
Sign in to upload your games and track your stats! →
Sign in with Steam
Match 47211210
Unlisted
Match 47211210
Overview
Messages
Build Orders
End
Scout Squad
Construct Barracks
Riflemen Squad
Selects Advanced Infantry Battlegroup
1⁄4-ton 4x4 Truck
Riflemen Squad
Construct Medical Station
Grenade Package
Selects Artillery Observers
Construct Weapon Support Center
Air Support Center
Engineer Squad
Bazooka Squad
M3 Armored Personnel Carrier
P-47 Strafing Run
Bazooka Squad
Improved M9 Bazooka Rockets
Selects M2A1 105mm Howitzer Emplacement
M1919 Machine Gun Team
P-47 Strafing Run
Grasshopper Recon Run
M1919 Machine Gun Team
Construct Tank Depot
Grasshopper Recon Run
P-47 Strafing Run
Construct Tank Depot
Septimum
Seocheon
CAuMOH
K̳itsuné
0
0
Comments
sign in to comment!
No comments posted yet!